[Event "Swedish U16 Team Championship 2019 - Final"]
[Site "Molnlycke Kulturhus, Biblioteksgatan 2, Molnlycke, Sweden"]
[Date "2019.08.16"]
[Round "1.1"]
[White "Sorensen, Hampus"]
[Black "Bensryd, Hampus"]
[Result "1-0"]
[TimeControl "90 minutes + 30 seconds per move from move one."]
[WhiteTitle "FM"]
[WhiteElo "2356"]
[BlackElo "1907"]

1. c4 e5 2. Nc3 Nc6 3. g3 f5 4. Bg2 Nf6 5. Nf3 g6 6. O-O Bg7 7. a3 a5 8. b3 O-O 9. Bb2 d6 10.
e3 h6 11. d4 g5 12. dxe5 dxe5 13. Qxd8 Rxd8 14. Rfd1 Be6 15. Ne1 Rxd1 16. Rxd1 Ne7 17. Nd3 e4 18. Nc5 Bc8 19. Nb5 Ne8 20.
Bxg7 Kxg7 21. Rd8 Kf7 22. Rxe8 1-0

[Event "Swedish U16 Team Championship 2019 - Final"]
[Site "Molnlycke Kulturhus, Biblioteksgatan 2, Molnlycke, Sweden"]
[Date "2019.08.16"]
[Round "1.2"]
[White "Nord, Alexander"]
[Black "Trost, Edvin"]
[Result "0-1"]
[TimeControl "90 minutes + 30 seconds per move from move one."]
[WhiteElo "1881"]
[BlackElo "1951"]

1. d4 Nf6 2. Nf3 e6 3. g3 b6 4. Bg2 Bb7 5. O-O Be7 6. c4 O-O 7. Nc3 Ne4 8. Qc2 Nxc3 9. Qxc3 Na6 10.
b3 c5 11. Bb2 Bf6 12. Rfd1 d5 13. cxd5 exd5 14. Rac1 Rc8 15. Qd2 c4 16. Ne5 Qe7 17. f4 b5 18. Qa5 Bxe5 19. fxe5 b4 20.
bxc4 dxc4 21. Qb5 Bxg2 22. Kxg2 Qe6 23. d5 Qg4 24. Bd4 Qxe2+ 25. Kg1 Nc7 26. Qxc4 Qxc4 27. Rxc4 Nxd5 28. Rxc8 Rxc8 29. Bxa7 Nc3 30. Rd2 h6 31. Rb2 Ra8 32. Bb6 Nxa2 33.
Bc5 Ra4 34. Kg2 Kh7 35. Kf3 Kg6 36. Ke4 b3+ 37. Kd3 Nc1+ 38. Kd2 Rc4 39. Bd6 h5 40. Kd1 Rc3 41. Bb4 Rc6 42. Bd2 Nd3 43.
Rxb3 Nxe5 44. h3 Nc4 45. Ke2 Re6+ 46. Kd3 Rd6+ 47. Kxc4 Rxd2 48. Rf3 Rh2 49. h4 Rd2 50. Kc3 Rd6 51. Rf4 Rf6 52. Rxf6+ Kxf6 53.
Kd4 Kf5 54. Ke3 Kg4 55. Kf2 f5 56. Kg2 f4 57. gxf4 Kxf4 58. Kh3 Ke5 0-1

[Event "Swedish U16 Team Championship 2019 - Final"]
[Site "Molnlycke Kulturhus, Biblioteksgatan 2, Molnlycke, Sweden"]
[Date "2019.08.16"]
[Round "1.3"]
[White "Svetic, Matija"]
[Black "Joensson, Oscar"]
[Result "1/2-1/2"]
[TimeControl "90 minutes + 30 seconds per move from move one."]
[WhiteElo "1775"]
[BlackElo "1790"]

1. e4 c6 2. Nc3 d5 3. Nf3 Bg4 4. h3 Bh5 5. exd5 cxd5 6. g4 Bg6 7. Ne5 Nc6 8. Nxg6 hxg6 9. Bg2 e6 10.
d4 Bd6 11. Ne2 Qc7 12. Be3 Nf6 13. c3 b5 14. Qc1 Rc8 15. Bf4 Bxf4 16. Qxf4 Qxf4 17. Nxf4 b4 18. Kd2 1/2-1/2

[Event "Swedish U16 Team Championship 2019 - Final"]
[Site "Molnlycke Kulturhus, Biblioteksgatan 2, Molnlycke, Sweden"]
[Date "2019.08.16"]
[Round "1.4"]
[White "Morell, Ludvig"]
[Black "Wikman, Viktor 2006"]
[Result "1-0"]
[TimeControl "90 minutes + 30 seconds per move from move one."]
[WhiteElo "1771"]
[BlackElo "1662"]

1. e4 e6 2. d4 d5 3. Nd2 Nc6 4. c3 e5 5. exd5 Qxd5 6. Ngf3 exd4 7. Bc4 Qd8 8. cxd4 Nxd4 9. Qa4+ Nc6 10.
O-O Bd6 11. Ne4 Nge7 12. Nfg5 O-O 13. Nxf7 Rxf7 14. Ng5 Ne5 15. Nxf7 Nxf7 16. Qb3 Qf8 17. Rd1 a6 18. Bf4 Bg4 19.
Bxf7+ Qxf7 20. Qxf7+ Kxf7 21. Bxd6 Bxd1 22. Bxe7 Re8 23. Rxd1 Rxe7 24. Kf1 b5 25. Rc1 Ke8 26. Rc6 Kd7 27.
Rxa6 Re4 28. Ra5 Kc6 29. f3 Rc4 30. b3 Rc2 31. h4 Kb6 32. Ra8 Kb7 33. Rh8 h6 34. Rh7 g5 35. Rxh6 gxh4 36.
Rxh4 Rxa2 37. g4 Rb2 38. g5 Rxb3 39. Ke2 Rb2+ 40. Kd1 Ra2 41. g6 Kc6 42. g7 Rg2 43. Rg4 Kd5 1-0

[Event "Swedish U16 Team Championship 2019 - Final"]
[Site "Molnlycke Kulturhus, Biblioteksgatan 2, Molnlycke, Sweden"]
[Date "2019.08.16"]
[Round "1.5"]
[White "Backlund, Elias"]
[Black "Johansson, William 2007"]
[Result "1/2-1/2"]
[TimeControl "90 minutes + 30 seconds per move from move one."]
[WhiteElo "1603"]
[BlackElo "1682"]

1. d4 Nf6 2. c4 e6 3. Nc3 Bb4 4. Qc2 d5 5. Bg5 h6 6. Bh4 Nbd7 7. e3 c5 8. a3 Bxc3+ 9. Qxc3 cxd4 10.
Qxd4 Qc7 11. cxd5 exd5 12. Nf3 O-O 13. Be2 Re8 14. O-O Re4 15. Qd2 Qb6 16. Bd3 Re8 17. b4 Ne4 18. Bxe4 dxe4 19. Nd4 Ne5 20. Bg3 Qg6 21.
Ne2 Nd3 22. Nf4 Nxf4 23. Bxf4 Bg4 24. Rfc1 Rad8 25. Qb2 Rd7 26. Kf1 Red8 27. Bg3 Rd2 28. Qc3 Qa6+ 29. Kg1 Qe2 30. h3 R8d3 31.
Qc5 Be6 32. Re1 Rd1 33. Raxd1 Rxd1 34. Rxd1 Qxd1+ 35. Kh2 Qa4 36. Qc3 a6 37. Bd6 Qb5 38. Qc5 Qe2 39. Bg3 Qd3 40. Qd4 Qxa3 41.
Qxe4 b5 42. Qa8+ Kh7 43. Qe4+ g6 44. Bd6 Qb2 45. Be5 Qc1 46. Qa8 Bc8 47. Qd5 Be6 48. Qd8 Qc8 49. Qf6 Qf8 50. Bc3 Bc8 1/2-1/2

[Event "Swedish U16 Team Championship 2019 - Final"]
[Site "Molnlycke Kulturhus, Biblioteksgatan 2, Molnlycke, Sweden"]
[Date "2019.08.16"]
[Round "1.6"]
[White "Petersson, David"]
[Black "Sandberg, Simon"]
[Result "1/2-1/2"]
[TimeControl "90 minutes + 30 seconds per move from move one."]
[WhiteElo "1532"]
[BlackElo "1375"]

1. d4 Nf6 2. Bf4 d5 3. e3 Bf5 4. c4 c6 5. Qb3 Qb6 6. c5 Qa5+ 7. Nc3 b6 8. Bc7 Nbd7 9. Nf3 Rc8 10.
cxb6 axb6 11. Bf4 Ne4 12. Be2 e6 13. O-O Ndf6 14. Nxe4 Nxe4 15. Rfc1 Bg4 16. Bb5 Qa8 17. Bd3 Bxf3 18.
gxf3 Nd2 19. Qd1 Nc4 20. Bxc4 dxc4 21. Rxc4 Be7 22. Qc2 O-O 23. a3 c5 24. dxc5 Rxc5 25. Rxc5 Bxc5 26. Kg2 h6 27.
Rc1 g5 28. Be5 g4 29. Qe4 Qxe4 30. fxe4 Rd8 31. b4 Bd6 32. Rd1 Be7 33. Rxd8+ Bxd8 34. a4 h5 35. Kf1 Kf8 36. Ke2 Ke7 37.
Kd3 Kd7 38. Kc3 Bh4 39. Bg3 Bf6+ 40. Kd2 e5 41. f3 gxf3 42. h3 Kc6 43. Ke1 Be7 44. Bxe5 Bxb4+ 45. Kf2 Bd6 46. Bd4 Kb7 47.
Kxf3 Ka6 48. Bc3 f6 49. Ke2 Be5 50. Bb4 Kb7 51. Kd3 Kc6 52. Kc4 Bg3 53. Bc3 Be5 54. Bd2 Bd6 55. Be1 Bh2 56.
Bh4 Be5 57. Be1 Bh2 58. Bb4 Bg3 59. Kd3 Kd7 60. Kd2 Ke6 61. Kd3 Kd7 1/2-1/2

[Event "Swedish U16 Team Championship 2019 - Final"]
[Site "Molnlycke Kulturhus, Biblioteksgatan 2, Molnlycke, Sweden"]
[Date "2019.08.16"]
[Round "1.7"]
[White "Soderstrom, Adrian"]
[Black "Rasmusson, Max"]
[Result "1-0"]
[TimeControl "90 minutes + 30 seconds per move from move one."]
[WhiteElo "1970"]
[BlackElo "1624"]

1. d4 Nf6 2. c4 e6 3. Nf3 d5 4. Nc3 c6 5. e3 Be7 6. Qc2 Nbd7 7. b3 O-O 8. Bb2 Re8 9. Bd3 Nf8 10.
O-O Ng6 11. Rad1 Bd7 12. e4 dxe4 13. Nxe4 Nxe4 14. Bxe4 Bf6 15. Ne5 Qe7 16. Rd3 Rad8 17. Rh3 Bc8 18. f4 c5 19. Qe2 Nf8 20.
Bxh7+ Nxh7 21. Qh5 g6 22. Qxh7+ Kf8 23. Ba3 1-0

[Event "Swedish U16 Team Championship 2019 - Final"]
[Site "Molnlycke Kulturhus, Biblioteksgatan 2, Molnlycke, Sweden"]
[Date "2019.08.16"]
[Round "1.8"]
[White "Holmquist, Oliver 2006"]
[Black "Falkevall, Axel"]
[Result "0-1"]
[TimeControl "90 minutes + 30 seconds per move from move one."]
[WhiteElo "1137"]
[BlackElo "2046"]

1. e4 e6 2. Nc3 d5 3. exd5 exd5 4. d4 c6 5. Bd3 Bd6 6. Nf3 Ne7 7. h3 h6 8. O-O Be6 9. Be3 Nd7 10.
a3 Qc7 11. Ne2 Nf6 12. Qc1 Nh5 13. Qe1 O-O-O 14. g4 Nf6 15. Qc1 g5 16. Bd2 Rdg8 17. Bb4 h5 18. Bxd6 Qxd6 19. Ne5 hxg4 20.
hxg4 Nxg4 21. Nxg4 Bxg4 22. Ng3 Rh3 23. Qe3 Rgh8 24. Qe5 Qxe5 25. dxe5 Bf3 26. Be2 Rh1+ 27. Nxh1 Rxh1# 0-1

[Event "Swedish U16 Team Championship 2019 - Final"]
[Site "Molnlycke Kulturhus, Biblioteksgatan 2, Molnlycke, Sweden"]
[Date "2019.08.16"]
[Round "1.9"]
[White "Grahn, Vidar"]
[Black "Johansson, Sigge"]
[Result "1-0"]
[TimeControl "90 minutes + 30 seconds per move from move one."]
[WhiteElo "1898"]
[BlackElo "1123"]

1. e4 e5 2. Nf3 Nc6 3. Bc4 d6 4. O-O Bg4 5. d3 Nf6 6. c3 Be7 7. Nbd2 O-O 8. h3 Bh5 9. Re1 d5 10.
exd5 Nxd5 11. Ne4 Nf4 12. Ng3 Bg6 13. Nxe5 Nxe5 14. Rxe5 Nxd3 15. Rd5 Nxf2 16. Rxd8 Nxd1 17. Rxd1 Rad8 18.
Be3 b6 19. Bb3 Bh4 20. Bf2 Rfe8 21. Rxd8 Rxd8 22. Rd1 Rxd1+ 23. Bxd1 Bb1 24. a3 Bg5 25. Ne2 Be4 26. Bg3 c6 27.
Bf4 Bf6 28. Ng3 Bd5 29. Bf3 Bxf3 30. gxf3 Kf8 31. Ne4 Be7 32. Bd6 Bxd6 33. Nxd6 Ke7 34. Nf5+ Kf6 35. Nd4 c5 36. Nb5 a5 37.
Nc7 Ke7 38. Nd5+ Kd6 39. Nxb6 1-0

[Event "Swedish U16 Team Championship 2019 - Final"]
[Site "Molnlycke Kulturhus, Biblioteksgatan 2, Molnlycke, Sweden"]
[Date "2019.08.16"]
[Round "1.11"]
[White "Tran, Alva Ling"]
[Black "Lyngsjo, Luke"]
[Result "1-0"]
[TimeControl "90 minutes + 30 seconds per move from move one."]
[WhiteElo "1735"]
[BlackElo "1107"]

1. e4 e5 2. Nf3 Nf6 3. Nxe5 d6 4.
Nf3 Nxe4 5. d3 Nf6 6. d4 Be7 7. Bd3 O-O 8. O-O Be6 9. Bg5 Nbd7 10. c4 d5 11. Nbd2 c5 12. Rc1 dxc4 13.
Nxc4 b5 14. Ne3 c4 15. Bb1 Ng4 16. Bxe7 Qxe7 17. d5 Nxe3 18. fxe3 Bg4 19. Qd4 Bxf3 20. Rxf3 Qe5 21. Qd2 Rfe8 22. Re1 g6 23. e4 Nc5 24.
Qf2 Nd3 25. Bxd3 cxd3 26. Rxd3 Rad8 27. Qd4 Qxd4+ 28. Rxd4 Re5 29. Rc1 f5 30. exf5 Rxf5 31. d6 Rf7 32. Rc5 Rfd7 33. Rxb5 Rxd6 34.
Rxd6 Rxd6 35. Kf2 Rd7 36. a4 Rd2+ 37. Kf3 a5 38. Rxa5 Rxb2 39. Ra7 Rb3+ 40. Ke4 Rb2 41. a5 Rxg2 42.
a6 Rxh2 43. Rb7 1-0

[Event "Swedish U16 Team Championship 2019 - Final"]
[Site "Molnlycke Kulturhus, Biblioteksgatan 2, Molnlycke, Sweden"]
[Date "2019.08.16"]
[Round "1.13"]
[White "Rasti, Arvin"]
[Black "Ytterberg, Felix"]
[Result "1/2-1/2"]
[TimeControl "90 minutes + 30 seconds per move from move one."]
[WhiteElo "2116"]
[BlackElo "2033"]

1. d4 Nf6 2. c4 c5 3. d5 e5 4. Nc3 d6 5. e4 Be7 6. g3 O-O 7. Bg2 Bg4 8. Nge2 a6 9. O-O Ne8 10.
f4 exf4 11. gxf4 Nd7 12. h3 Bh5 13. Qd3 g6 14. Ng3 Ng7 15. Bd2 Bf6 16. Rab1 Bd4+ 17. Kh2 g5 18. Nce2 gxf4 19. Bxf4 Ne5 20.
Qd2 Ng4+ 21. Kh1 Nf2+ 22. Kh2 Ng4+ 23. Kh1 Nf2+ 24. Kh2 1/2-1/2

[Event "Swedish U16 Team Championship 2019 - Final"]
[Site "Molnlycke Kulturhus, Biblioteksgatan 2, Molnlycke, Sweden"]
[Date "2019.08.16"]
[Round "1.14"]
[White "Ivarsson, Sebastian"]
[Black "Lindholm, Gustav"]
[Result "1-0"]
[TimeControl "90 minutes + 30 seconds per move from move one."]
[WhiteElo "2001"]
[BlackElo "2006"]

1. d4 d5 2. c4 c6 3. Nf3 Nf6 4. Nc3 dxc4 5. a4 Bf5 6. e3 e6 7. Bxc4 Nbd7 8. O-O Be7 9. Bd3 Bxd3 10.
Qxd3 O-O 11. e4 Qb6 12. a5 Qc7 13. Bg5 Bb4 14. e5 Nd5 15. Nxd5 exd5 16. Ra4 Bxa5 17. Be7 Rfe8 18. Ng5 g6 19.
Qh3 h5 20. Bd6 Qd8 21. Rxa5 Nxe5 22. dxe5 Qxg5 23. Qd7 Qd2 24. Ra3 Rad8 25. Qxb7 a5 26. Rf3 1-0

[Event "Swedish U16 Team Championship 2019 - Final"]
[Site "Molnlycke Kulturhus, Biblioteksgatan 2, Molnlycke, Sweden"]
[Date "2019.08.16"]
[Round "1.15"]
[White "Strom-Engdahl, Alexander"]
[Black "Dingertz, Erik"]
[Result "1-0"]
[TimeControl "90 minutes + 30 seconds per move from move one."]
[WhiteElo "1858"]
[BlackElo "1888"]

1. c4 e5 2. g3 Nf6 3. Bg2 d5 4. cxd5 Nxd5 5. Nc3 Nb6 6. d3 Nc6 7. Nf3 Be7 8. O-O Be6 9. Be3 O-O 10.
Ne4 f5 11. Nc5 Bd5 12. Rc1 Nd4 13. Bxd4 exd4 14. Qc2 Bf6 15. Nb3 Rf7 16. Qc5 Rd7 17. Bh3 Be7 18. Qc2 Bxf3 19. exf3 g6 20.
Rfe1 Bb4 21. Re2 c6 22. a3 Bf8 23. Rce1 Nd5 24. Bg2 Bg7 25. Nc5 Rf7 26. f4 Bf6 27. Nxb7 Rxb7 28. Qxc6 Rd7 29.
Bxd5+ Rxd5 30. Re8+ Qxe8 31. Rxe8+ Rxe8 32. Qxe8+ Kg7 33. Qe6 Rc5 34. Qd7+ Kh6 35. Qxa7 Rc1+ 36. Kg2 Rc2 37. b4 Rc3 38.
Qa6 Be7 1-0

[Event "Swedish U16 Team Championship 2019 - Final"]
[Site "Molnlycke Kulturhus, Biblioteksgatan 2, Molnlycke, Sweden"]
[Date "2019.08.16"]
[Round "1.16"]
[White "Ljung, Harald"]
[Black "Ghaderi, Roshan"]
[Result "1/2-1/2"]
[TimeControl "90 minutes + 30 seconds per move from move one."]
[WhiteElo "1811"]
[BlackElo "1379"]

1. d4 Nf6 2. c4 e6 3. Nc3 g6 4. Nf3 Bg7 5. e4 d6 6. Be2 O-O 7. O-O b6 8. h3 Bb7 9. Qc2 d5 10.
cxd5 exd5 11. e5 Nfd7 12. Qb3 c5 13. Nxd5 cxd4 14. Bg5 Nc5 15. Ne7+ Kh8 16. Qb4 f6 17. exf6 Bxf6 18. Nxg6+ hxg6 19.
Bxf6+ Qxf6 20. Qxd4 Qxd4 21. Nxd4 Nc6 22. Nxc6 Bxc6 23. b4 Ne6 24. Bg4 Nf4 25. g3 Nd3 26. a3 Ne5 27. Be2 Nf3+ 28.
Bxf3 Rxf3 29. Rfc1 Ba4 30. Rc7 a5 31. Rb7 Rf6 32. bxa5 bxa5 33. Rc1 Raf8 34. Rcc7 Rd8 35. Rh7+ Kg8 36.
Rhg7+ Kf8 37. f4 Rd1+ 38. Kf2 Rd2+ 39. Ke3 Rd8 40. Rge7 Re8 41. Rxe8+ Kxe8 42. Ra7 Rf5 43. Rg7 Rf6 44.
Ra7 Rf5 45. Rg7 1/2-1/2

[Event "Swedish U16 Team Championship 2019 - Final"]
[Site "Molnlycke Kulturhus, Biblioteksgatan 2, Molnlycke, Sweden"]
[Date "2019.08.16"]
[Round "1.17"]
[White "Hjernestam, John"]
[Black "Nord, Gabriel"]
[Result "1/2-1/2"]
[TimeControl "90 minutes + 30 seconds per move from move one."]
[WhiteElo "1376"]
[BlackElo "1762"]

1. d4 d5 2. Bf4 Nf6 3. e3 Bf5 4. c3 Nbd7 5. Bd3 Bg6 6. h3 e6 7. Nf3 Ne4 8. O-O Bd6 9. Bxd6 Nxd6 10.
Bxg6 hxg6 11. Nbd2 g5 12. Ne5 f6 13. Nxd7 Qxd7 14. f4 gxf4 15. Rxf4 e5 16. dxe5 fxe5 17. Rg4 Nf5 18. Nf1 e4 19.
c4 c6 20. Qb3 O-O-O 21. Qa4 Kb8 22. Rd1 Qe6 23. cxd5 cxd5 24. Qb3 Rd6 25. Ng3 Nxg3 26. Rxg3 Qe5 27. Rg4 g5 28. Rd4 Rf8 29.
Qb4 Rdf6 30. Rd1 Rf2 31. Qc5 b6 32. Rxg5 Qxg5 33. Qd6+ Kb7 1/2-1/2

[Event "Swedish U16 Team Championship 2019 - Final"]
[Site "Molnlycke Kulturhus, Biblioteksgatan 2, Molnlycke, Sweden"]
[Date "2019.08.16"]
[Round "1.18"]
[White "Anfalt, Erik"]
[Black "Storme, Joel"]
[Result "1-0"]
[TimeControl "90 minutes + 30 seconds per move from move one."]
[WhiteElo "1558"]
[BlackElo "1371"]

1. e4 d5 2. exd5 Qxd5 3. Nc3 Qa5 4. Nf3 Nf6 5. d4 c6 6. Be2 Bf5 7. O-O e6 8. Bd2 Qc7 9. Ne5 Nbd7 10. f4 Nxe5 11. fxe5 Nd5 12.
Nxd5 cxd5 13. c3 Be7 14. Bb5+ Kd8 15. Be3 Qb6 16. Qb3 Rc8 17. Rad1 Kc7 18. Bd3 Qxb3 19. axb3 Bxd3 20. Rxd3 f6 21. Bf4 f5 22. Rg3 Rhg8 23. Bg5 Bxg5 24. Rxg5 g6 25. Ra1 Ra8 26. h4 h6 27.
Rg3 a6 28. c4 Rad8 29. Rd3 Rd7 30. Rc1 Kb6 31. c5+ Kb5 32. Rdc3 Rc7 33. Ra1 g5 34. Rg3 g4 35. Kf2 f4 36.
Rc3 Rf7 37. Ra3 Rf5 38. b4 g3+ 39. Kf3 Rh5 40. Ra5+ Kxb4 41. Raa3 Kb5 42. Rab3+ Kc6 43. Rb6+ Kc7 44. Rcb3 Rb8 45. Kg4 Rf5 46. Rxe6 Rf7 47.
Rxh6 Rg8+ 48. Kf3 Re8 49. Rbb6 Ree7 50. Rbf6 Rg7 51. Rd6 Rh7 52. h5 a5 53. Rxh7 Rxh7 54. h6 Rh8 55. Rg6 a4 56.
h7 Rxh7 57. Rf6 Rh1 58. Kxf4 Rb1 59. Rb6 Rd1 60. Rb4 Rd2 61. Kxg3 Rd3+ 62. Kf4 Rd2 63. g4 Rd1 64. Rxa4 1-0

[Event "Swedish U16 Team Championship 2019 - Final"]
[Site "Molnlycke Kulturhus, Biblioteksgatan 2, Molnlycke, Sweden"]
[Date "2019.08.16"]
[Round "2.1"]
[White "Soderstrom, Adrian"]
[Black "Sorensen, Hampus"]
[Result "0-1"]
[TimeControl "90 minutes + 30 seconds per move from move one."]
[BlackTitle "FM"]
[WhiteElo "1970"]
[BlackElo "2356"]

1. d4 d5 2. c4 c6 3. cxd5 cxd5 4. Nc3 Nc6 5. e4 e6 6. e5 Nge7 7. Nf3 Nf5 8. Be3 Be7 9. Bd3 O-O 10.
O-O Nxe3 11. fxe3 f5 12. exf6 Bxf6 13. Rc1 Bd7 14. Bb1 Be8 15. Ne5 Bxe5 16. Bxh7+ Kxh7 17. Rxf8 Bd6 18. Rf3 Kg8 19.
Qc2 Nb4 20. Qb3 Bh5 21. Rff1 Qh4 22. h3 Qg3 23. Ne4 Qh2+ 24. Kf2 Nd3+ 25. Qxd3 dxe4 0-1

[Event "Swedish U16 Team Championship 2019 - Final"]
[Site "Molnlycke Kulturhus, Biblioteksgatan 2, Molnlycke, Sweden"]
[Date "2019.08.16"]
[Round "2.2"]
[White "Trost, Edvin"]
[Black "Falkevall, Axel"]
[Result "1/2-1/2"]
[TimeControl "90 minutes + 30 seconds per move from move one."]
[WhiteElo "1951"]
[BlackElo "2046"]

1. e4 e6 2. d4 d5 3. Nc3 Nf6 4.
Bg5 Be7 5. e5 Nfd7 6. Bxe7 Qxe7 7. f4 O-O 8. Nf3 c5 9. dxc5 Nxc5 10. Qd2 Nc6 11. Bd3 Bd7 12. O-O-O a6 13. Ng5 h6 14. Nf3 b5 15. Qe3 b4 16. Ne2 b3 17. axb3 Nb4 18.
Nfd4 Rfc8 19. Kb1 a5 20. Bb5 Rcb8 21. Bxd7 Qxd7 22. Nc1 Nc6 23. Qc3 Nxd4 24. Qxc5 Nf5 25. Rd3 a4 26. b4 Rb5 27.
Qc3 Qb7 28. Na2 d4 29. Qd2 Rd5 30. Re1 Rad8 31. Qc1 Qa6 32. Re4 Rc8 33. Re2 Ne3 34. Nc3 Rdd8 35. Red2 Qb6 36. Ne2 Nc4 37.
Rd1 Ne3 38. R1d2 Nc4 39. Rd1 Ne3 40. R1d2 Nc4 1/2-1/2

[Event "Swedish U16 Team Championship 2019 - Final"]
[Site "Molnlycke Kulturhus, Biblioteksgatan 2, Molnlycke, Sweden"]
[Date "2019.08.16"]
[Round "2.3"]
[White "Grahn, Vidar"]
[Black "Svetic, Matija"]
[Result "1-0"]
[TimeControl "90 minutes + 30 seconds per move from move one."]
[WhiteElo "1898"]
[BlackElo "1775"]

1. e4 c5 2. Nf3 e6 3. d4 cxd4 4. Nxd4 a6 5. Nc3 b5 6. Bd3 Qb6 7. Nb3 Qc7 8. O-O Bb7 9. f4 d6 10.
f5 Nf6 11. Bg5 Nbd7 12. Qe2 Be7 13. Rae1 Ne5 14. Kh1 Nfg4 15. Bf4 h5 16. h3 Qb6 17. Bxe5 Nxe5 18. Qe3 Qd8 19. Nd4 Bg5 20.
Qe2 Bh4 21. Rd1 Qe7 22. a4 bxa4 23.
fxe6 fxe6 24. Bc4 Bc8 25. Nxa4 Rb8 26. Bxa6 Bd7 27. b3 Ng4 28. Nb5 Bg3 29. Qd3 Nf2+ 30. Rxf2 Bxf2 31. Nxd6+ Kf8 32.
Rf1 Kg8 33. Rxf2 Bxa4 34. bxa4 Rb6 35. Nc8 Rb1+ 36. Rf1 Rxf1+ 37. Qxf1 Qc7 38. Qc4 Qe5 39. c3 Kh7 40. Qd4 Qg5 41.
e5 Rf8 42. Bd3+ Kh6 43. Qe4 g6 44. Ne7 Qc1+ 45. Kh2 Rf5 46. Nxf5+ gxf5 47. Qd4 Kg5 48. h4+ Kg6 49. a5 Qe1 50.
a6 Kg7 51. a7 f4 52. Qd7+ Kf8 53. a8=R# 1-0

[Event "Swedish U16 Team Championship 2019 - Final"]
[Site "Molnlycke Kulturhus, Biblioteksgatan 2, Molnlycke, Sweden"]
[Date "2019.08.16"]
[Round "2.4"]
[White "Wikman, Viktor 2006"]
[Black "Bergqvist, Gustav 2004"]
[Result "0-1"]
[TimeControl "90 minutes + 30 seconds per move from move one."]
[WhiteElo "1662"]
[BlackElo "1833"]

1. d4 d5 2. c4 e6 3. Nc3 Nf6 4. Bg5 Be7 5. e3 O-O 6. Nf3 b6 7. cxd5 exd5 8. Be2 Bb7 9. O-O Nbd7 10.
Rc1 c5 11. Qc2 Ne4 12. Bf4 Ndf6 13. Ne5 Nxc3 14. bxc3 Rc8 15. Qb1 Ne4 16. Rfd1 cxd4 17. Bb5 Nxc3 18. Rxc3 dxc3 19. Nd7 c2 20.
Kh1 cxb1=Q 21. Bc7 Qxd1+ 22. Bf1 Qxf1# 0-1

[Event "Swedish U16 Team Championship 2019 - Final"]
[Site "Molnlycke Kulturhus, Biblioteksgatan 2, Molnlycke, Sweden"]
[Date "2019.08.16"]
[Round "2.5"]
[White "Isaksson, Philip"]
[Black "Backlund, Elias"]
[Result "0-1"]
[TimeControl "90 minutes + 30 seconds per move from move one."]
[WhiteElo "1675"]
[BlackElo "1603"]

1. e4 d5 2. exd5 Qxd5 3. d4 c5 4. Nf3 cxd4 5. Qxd4 Qxd4 6. Nxd4 a6 7. Bd3 e5 8. Nb3 Bd6 9. Nc3 Be6 10.
Be3 f5 11. Nc5 Bxc5 12. Bxc5 Nc6 13. f3 Nge7 14. a3 O-O 15. O-O Rfe8 16. Nd1 Ng6 17. Ne3 Nce7 18. Bc4 Kf7 19. Bxe6+ Kxe6 20.
Rfd1 Red8 21. b4 b5 22. Bb6 Rd6 23. Bc5 Rdd8 24. Bb6 Rd7 25. Rxd7 Kxd7 26. Rd1+ Kc6 27. Bc5 f4 28. Rd6+ Kb7 29.
Ng4 Kc7 30. Nf2 Nf5 31. Re6 Nd4 32. Ne4 0-1

[Event "Swedish U16 Team Championship 2019 - Final"]
[Site "Molnlycke Kulturhus, Biblioteksgatan 2, Molnlycke, Sweden"]
[Date "2019.08.16"]
[Round "2.6"]
[White "Sandberg, Simon"]
[Black "Tran, Alva Ling"]
[Result "0-1"]
[TimeControl "90 minutes + 30 seconds per move from move one."]
[WhiteElo "1375"]
[BlackElo "1735"]

1. e4 c5 2. Nf3 e6 3. Nc3 a6 4.
a4 Qc7 5. d3 Nc6 6. g3 Nf6 7. Bg2 Be7 8. O-O O-O 9. Nh4 Nd4 10. Nf3 d6 11. Nxd4 cxd4 12. Ne2 e5 13. Qd2 Bd7 14.
c3 dxc3 15. Qxc3 Rac8 16. Be3 Bc6 17. Rfc1 Qd7 18. Qd2 Bxa4 19. Nc3 Bc6 20. Qc2 d5 21. exd5 Nxd5 22. Qd2 Nxe3 23. fxe3 Rfd8 24.
Bxc6 Rxc6 25. Rd1 Rd6 26. Qe2 Rxd3 27. Rxd3 Qxd3 28. Qxd3 Rxd3 29. Rc1 f6 30. Kf1 Rd2 31. Kg1 Rxb2 32.
Nd5 Bd6 33. Rd1 Bc5 0-1

[Event "Swedish U16 Team Championship 2019 - Final"]
[Site "Molnlycke Kulturhus, Biblioteksgatan 2, Molnlycke, Sweden"]
[Date "2019.08.16"]
[Round "2.7"]
[White "Ytterberg, Felix"]
[Black "Kucuksari, Kaan"]
[Result "0-1"]
[TimeControl "90 minutes + 30 seconds per move from move one."]
[BlackTitle "FM"]
[WhiteElo "2033"]
[BlackElo "2286"]

1. d4 f5 2. c4 Nf6 3. Nc3 g6 4. e3 Bg7 5. Bd3 b6 6. Nge2 Bb7 7. f3 O-O 8. Qc2 e6 9. Bd2 c5 10.
a3 Qe7 11. b4 Nc6 12. bxc5 bxc5 13. Rb1 Rab8 14. Qa2 cxd4 15. exd4 Nh5 16. Be3 Qh4+ 17. Bf2 Qg5 18. O-O Nf4 19.
Nxf4 Nxd4 20. Bg3 h5 21. Rxb7 Rxb7 22. Re1 Rb3 23. Nce2 Rfb8 24. Nxd4 Bxd4+ 25. Kh1 Rb2 26. Qa1 h4 27.
Nxe6 dxe6 28. Rxe6 Rb1+ 29. Qxb1 Rxb1+ 30. Bxb1 hxg3 31. Re8+ Kf7 32. Re1 Qd2 33. Rf1 Qe2 34. Rc1 Be3 35.
Ba2 Bxc1 36. c5+ Kf6 0-1

[Event "Swedish U16 Team Championship 2019 - Final"]
[Site "Molnlycke Kulturhus, Biblioteksgatan 2, Molnlycke, Sweden"]
[Date "2019.08.16"]
[Round "2.8"]
[White "Bensryd, Hampus"]
[Black "Dingertz, Erik"]
[Result "1/2-1/2"]
[TimeControl "90 minutes + 30 seconds per move from move one."]
[WhiteElo "1907"]
[BlackElo "1888"]

1. e4 e5 2. Nf3 Nc6 3. d4 exd4 4. Bc4 Nf6 5. e5 d5 6. Bb5 Ne4 7. Nxd4 Bd7 8. Bxc6 bxc6 9. O-O Bc5 10.
f3 Ng5 11. Be3 Bb6 12. f4 Ne4 13. Nd2 Nxd2 14. Qxd2 c5 15. Nf3 d4 16. Bf2 Bc6 17. a4 a5 18. Qd3 Qd5 19. b3 O-O-O 20. Rfd1 h6 21. Bh4 Rdg8 22. Rd2 g5 23. fxg5 hxg5 24. Bxg5 Qe6 25. Kh1 Qg4 26. Bf6 Rh3 27. Rf1 Rh5 28.
Qc4 Qf4 29. Qxf7 Bxf3 30. Qxg8+ Kb7 31. gxf3 Qxd2 32. Qg2 Qf4 33. Qe2 c6 34. Rg1 Rxh2+ 35. Qxh2 Qxf3+ 36. Qg2 Qh5+ 37. Qh2 Qf3+ 1/2-1/2

[Event "Swedish U16 Team Championship 2019 - Final"]
[Site "Molnlycke Kulturhus, Biblioteksgatan 2, Molnlycke, Sweden"]
[Date "2019.08.16"]
[Round "2.9"]
[White "Ivarsson, Sebastian"]
[Black "Nord, Alexander"]
[Result "0-1"]
[TimeControl "90 minutes + 30 seconds per move from move one."]
[WhiteElo "2001"]
[BlackElo "1881"]

1. d4 e6 2. c4 Nf6 3. Nc3 Bb4 4. e3 O-O 5. Bd3 c5 6. Nf3 Nc6 7. O-O Bxc3 8. bxc3 d6 9. Nd2 e5 10.
d5 Ne7 11. f4 exf4 12. exf4 Bf5 13. Nf3 Qd7 14. h3 Bxd3 15. Qxd3 Qf5 16. Qe2 Rae8 17. g4 Qd7 18. Qg2 b5 19.
cxb5 Qxb5 20. Nd2 c4 21. a4 Qc5+ 22. Qf2 Qxd5 23. Qxa7 Nc6 24. Qf2 Qd3 25. g5 Re2 26. Qh4 Nd5 27.
Rf3 Qc2 28. f5 Ne5 29. Rf2 Rxf2 30. Qxf2 Nd3 31. Qf1 Nxc3 32. f6 Re8 33. fxg7 Re1 0-1